 Dungeon Crawl Stone Soup version 0.22-a0-443-g17c3723 (webtiles) character file.

35 KristoblXynda the Magician (level 3, -3/31 HPs)
             Began as a Troll Wizard on June 1, 2018.
             Slain by a worm (10 damage)
             ... on level 2 of the Dungeon.
             The game lasted 00:02:02 (1044 turns).

KristoblXynda the Magician (Troll Wizard)           Turns: 1044, Time: 00:02:03

Health: -3/31      AC:  5    Str: 15    XL:     3   Next: 16%
Magic:  5/5        EV:  9    Int: 15    God:
Gold:   47         SH:  0    Dex:  8    Spells: 5/6 levels left

rFire    . . .     SeeInvis .     - Unarmed
rCold    . . .     Gourm    +   (no shield)
rNeg     . . .     Faith    .   a - +0 robe
rPois    .         Spirit   .   b - +0 hat
rElec    .         Reflect  .   (no cloak)
rCorr    .         Harm     .   (gloves unavailable)
MR       .....                  (boots unavailable)
Stlth    +.........             (no amulet)
HPRegen  0.50/turn              (no ring)
MPRegen  0.09/turn              (no ring)

@: no status effects
A: large, unfitting armour, claws 3, fast metabolism 3, gourmand, regeneration
1, shaggy fur 1, tough skin 2
a: no special abilities


You were on level 2 of the Dungeon.
You were completely stuffed.

You visited 1 branch of the dungeon, and saw 2 of its levels.

You collected 47 gold pieces.

Inventory:

Armour
 a - a +0 robe (worn)
 b - a +0 hat (worn)
Jewellery
 e - an uncursed amulet of harm {unknown}
Scrolls
 c - a scroll of fog {unknown}
 f - a scroll of identify {unknown}
 g - 2 scrolls of remove curse {unknown}
 k - a scroll of fear {unknown}
Potions
 h - 2 potions of magic {unknown}
 j - a potion of brilliance {unknown}
Comestibles
 d - 4 rations
 i - 2 chunks of flesh


   Skills:
 - Level 1.5 Dodging
 - Level 1.0 Stealth
 * Level 1.9 Unarmed Combat
 - Level 2.0 Spellcasting
 * Level 1.6 Conjurations
   Level 0.6 Summonings
   Level 0.6 Translocations


You had 5 spell levels left.
You knew the following spells:

 Your Spells              Type           Power        Failure   Level  Hunger
a - Magic Dart            Conj           #...         12%         1    #......

Your spell library contained the following spells:

 Spells                   Type           Power        Failure   Level  Hunger
 Conjure Flame            Conj/Fire      #.......     43%         3    ###....
 Slow                     Hex            #.......     32%         2    ###....
 Mephitic Cloud           Conj/Pois/Air  #.......     47%         3    ###....
 Blink                    Tloc           N/A          26%         2    ###....
 Call Imp                 Summ           #.......     26%         2    ###....


Dungeon Overview and Level Annotations

Branches:
Dungeon (2/15)

Altars:


Innate Abilities, Weirdness & Mutations

You are too large for most types of armour.
You have claws for hands.
Your metabolism is lightning-fast.
You like to eat raw meat.
Your natural rate of healing is unusually fast.
You are covered in fur. (AC +1)
You have very tough skin. (AC +2)


Message History

You barely miss the worm. You scratch the worm.
The worm is lightly wounded.
The worm bites you!
You claw the worm!
The worm is severely wounded.
The worm bites you!
* * * LOW HITPOINT WARNING * * *
You scratch the worm.
The worm is severely wounded.
You scratch the worm.
The worm is almost dead.
The worm bites you.
* * * LOW HITPOINT WARNING * * *
You barely miss the worm.
The worm is severely wounded.
You scratch the worm but do no damage.
The worm is severely wounded.
The worm bites you!
You die...

....##..#.........
....##.##...........#
....##....#.........#
....................#
..........#.........#
..........#.........# %
..........#.........#...
.................w......
..........#.....@...#
....#######.........#
.... ####....### ####
#....# #....# #....#
######


You could see a worm.

Vanquished Creatures
  An ooze (D:2)
  A dart slug (D:1)
  2 ball pythons
  2 giant cockroaches
  5 goblins
  A hobgoblin (D:2)
  2 kobolds (D:1)
  3 bats (D:2)
  6 frilled lizards
  8 rats
31 creatures vanquished.

Notes
Turn   | Place    | Note
-------+----------+-------------------------------------------
     0 | D:1      | KristoblXynda the Troll Wizard began the quest for the Orb.
     0 | D:1      | Reached XP level 1. HP: 16/16 MP: 2/2
   164 | D:1      | Reached skill level 1 in Conjurations
   168 | D:1      | Reached skill level 1 in Unarmed Combat
   170 | D:1      | Reached XP level 2. HP: 24/24 MP: 4/4
  1018 | D:2      | Reached XP level 3. HP: 31/31 MP: 5/5
  1044 | D:2      | Slain by a worm

Vault maps used:
D:1:      lemuel_arrival_broad_hall

Skill      XL: |  1 |
---------------+----+-----
Conjurations   | 1 |  1.6
Unarmed Combat | 1 |  1.9
Dodging        | |  1.5
Stealth        | |  1.0
Spellcasting   | |  2.0
Summonings     | |  0.6
Translocations | |  0.6

Action                   || total
-------------------------++-------
Melee: Unarmed           ||    79
  Eat: Chunk             ||    15
Armor: Robe              ||    31
Dodge: Dodged            ||    39

Table legend:
 A = Spawn XP
 B = Non-spawn XP
 C = Spawn XP percentage of total XP
 D = Spawn monster count
 E = Non-spawn monster count
 F = Spawn count percentage of total count
 G = Total turns spent on level
                    A         B        C        D         E        F      G
               +---------+---------+-------+---------+---------+-------+---------
         Total |       0 |      50 |   0.0 |       0 |      31 |   0.0 |  1044
               +---------+---------+-------+---------+---------+-------+---------
           D:1 |       0 |      24 |   0.0 |       0 |      14 |   0.0 |   805
           D:2 |       0 |      26 |   0.0 |       0 |      17 |   0.0 |   239
               +---------+---------+-------+---------+---------+-------+---------
